 Dungeon Crawl Stone Soup version 0.31.0-32-g396128a36d (webtiles) character file.

Game seed: 2764396481885648072

42 KittyFluff the Changeling (level 3, 0/33 HPs)
             Began as a Troll Shapeshifter on Apr 10, 2024.
             Asphyxiated
             ... on level 2 of the Dungeon.
             The game lasted 00:04:04 (1067 turns).

KittyFluff the Changeling (Troll Shapeshifter)      Turns: 1067, Time: 00:04:05

Health: 0/33       AC:  4    Str: 24    XL:     3   Next: 33%
Magic:  2/2        EV: 10    Int:  6    God:
Gold:   76         SH:  0    Dex:  9    Spells: 2/2 levels left

rFire   . .          .
                       - Unarmed
rCold   . . .        (no shield)
rNeg    . . .        k - +0 robe
rPois   .            (helmet currently unavailable)
rElec   .            (cloak currently unavailable)
rCorr   .            (gloves unavailable)
SInv    .            (boots unavailable)
Will    .....        (no amulet)
Stlth   +            (no ring)
HPRegen 1.05/turn    (no ring)
MPRegen 0.08/turn

%: no passive effects
@: lethally poisoned (0 -> -4), beast-form, slowed, very slow
A: beast (slay +1), large, unfitting armour, claws 3, regeneration 1, shaggy fur
1, tough skin 1
a: Begin Untransformation


You were on level 2 of the Dungeon.
You were a hulking beast.
You visited 1 branch of the dungeon, and saw 2 of its levels.

You collected 76 gold pieces.

Inventory:

Hand Weapons
 g - a +0 club
 j - a +0 spear
 l - a +0 whip
Missiles
 i - 21 stones (quivered)
Armour
 k - a +0 robe (worn)
Talismans
 c - a beast talisman
 d - a flux talisman
Scrolls
 a - 2 scrolls of identify {unknown}
 f - a scroll of immolation {unknown}
Potions
 b - a potion of lignification
 e - a potion of cancellation {unknown}
 h - a potion of curing {unknown}
 m - a potion of berserk rage {unknown}


   Skills:
 + Level 1.2 Fighting
 + Level 0.4 Throwing
 + Level 2.0 Dodging
 + Level 3.3 Unarmed Combat
 * Level 3.4 Shapeshifting


You had 2 spell levels left.
You didn't know any spells.
Your spell library was empty.

Dungeon Overview and Level Annotations

Branches:
Dungeon (2/15)

Altars:


Innate Abilities, Weirdness & Mutations

You are a hulking beast.
Your limbs bulge with bestial killing power. (Slay +1)
You are too large for most types of armour.
You have claws for hands.
Your natural rate of healing is unusually fast.
You are covered in fur. (AC +1)
You have tough skin. (AC +1)


Message History

Found a ruby potion.
A hobgoblin comes into view.
It is wielding a +0 hand axe and quivering curare-tipped darts.
The ball python moves out of view.
The hobgoblin shouts!
The hobgoblin throws a curare-tipped dart.
The curare-tipped dart hits you.
You are poisoned.
You have difficulty breathing.
You feel yourself slow down.
You feel very sick.
The hobgoblin throws a curare-tipped dart.
The curare-tipped dart hits you.
You are more poisoned.
You have difficulty breathing.
You feel as though you will be slow longer.
You see here a ruby potion.
m - a ruby potion You feel extremely sick.
You claw the ball python!
You kill the ball python!
You feel very sick.
Your Dodging skill increases to level 2!
Throw: 23 stones
Press: ? - help, Q - select action Shift-Dir - straight line, f - hobgoblin
Aim: a hobgoblin, wielding a +0 hand axe and quivering curare-tipped darts (52% to hit)
You throw a stone. The stone barely misses the hobgoblin.
You feel very sick.
The hobgoblin throws a curare-tipped dart.
The curare-tipped dart closely misses you.
The hobgoblin throws a curare-tipped dart.
The curare-tipped dart closely misses you.
Throw: 22 stones
Press: ? - help, Q - select action Shift-Dir - straight line, f/p - hobgoblin
Aim: a hobgoblin, wielding a +0 hand axe and quivering curare-tipped darts (52% to hit)
You throw a stone. The stone closely misses the hobgoblin.
You feel very sick.
The hobgoblin throws a curare-tipped dart.
The curare-tipped dart hits you.
You are more poisoned.
You have difficulty breathing.
You die...

...........# .....
#........# .....
#........#### ......
#...........# ......
#g...##.....#
......##....##.....#
#.........##.....##
#.....†...##......####
#....h....##..........
#.........##.....##...
############.....##...
#..........##...
#..........#####
#.......########
#.......# #.....
#.......# #.....
#.......# #.....


You could see a hobgoblin.

Vanquished Creatures
  An adder (D:2)
  2 dart slugs (D:1)
  2 ball pythons (D:2)
  2 bats (D:1)
  5 endoplasms
  3 giant cockroaches (D:1)
  A goblin (D:1)
  A kobold (D:1)
  4 quokkas (D:1)
  2 frilled lizards (D:1)
  A rat (D:1)
24 creatures vanquished.

Notes
Turn   | Place    | Note
-------+----------+-------------------------------------------
     0 | D:1      | KittyFluff the Troll Shapeshifter began the quest for the
                  | Orb.
     0 | D:1      | Reached XP level 1. HP: 18/18 MP: 0/0
   116 | D:1      | Reached skill level 1 in Fighting
   155 | D:1      | Reached XP level 2. HP: 27/27 MP: 1/1
   989 | D:2      | Reached XP level 3. HP: 33/33 MP: 2/2
  1067 | D:2      | Asphyxiated

Illustrated notes

Levels and vault maps discovered:
D:1:      scummos_arrival_star, layout_basic, serial_curves, eino_curves_04,
          eino_curves_02, minmay_misc_feat_more_columns
D:2:      layout_basic, dilly_ecumenical_altar_fadedgnrine, cheibrodos_gnoll_hut

Skill      XL: |  1  2  3 |
---------------+----------+-----
Fighting       | 1 |  1.2
Dodging        | 2 |  2.0
Throwing       | |  0.4
Unarmed Combat | |  3.3
Shapeshifting  | |  3.4

Action                     || total
---------------------------++-------
  Melee: Unarmed           ||    52
  Throw: Stone             ||     2
   Stab: Sleeping          ||     1
 Armour: Animal skin       ||     7
         Robe              ||    22
  Dodge: Dodged            ||    20
